 Dungeon Crawl Stone Soup version 0.16.1-11-g651b585 (webtiles) character file.

2802 ghwc the Cleaver (level 9, -3/79 HPs)
             Began as a Hill Orc Gladiator on Apr 2, 2015.
             Was an Initiate of Yredelemnul.
             Succumbed to Goetatio's poison
             ... on level 8 of the Dungeon.
             The game lasted 00:15:28 (7111 turns).

ghwc the Cleaver (Hill Orc Gladiator)               Turns: 7111, Time: 00:15:28

Health: -3/79      AC: 19    Str: 18    XL:     9   Next: 71%
Magic:  9/9        EV:  7    Int: 10    God:    Yredelemnul [......]
Gold:   227        SH:  0    Dex: 14    Spells: 0 memorised, 8 levels left

rFire  . . .     SeeInvis .     a - +1 war axe
rCold  . . .     Clarity  .     s - +0 plate armour
rNeg   . . .     SustAb   .     (no shield)
rPois  .         Gourm    .     c - +0 helmet
rElec  .         Spirit   .     (no cloak)
rCorr  .         Warding  .     i - +1 pair of gloves
rMut   .         Stasis   .     j - +2 pair of boots {Fly}
MR     .....                    (no amulet)
Stlth  ..........               (no ring)
                                h - +2 ring of intelligence

@: lethally poisoned (-3 -> -67), flying, not resistant to hostile enchantments,
extremely unstealthy
A: no striking features
a: Renounce Religion, Stop Flying


You were on level 8 of the Dungeon.
You worshipped Yredelemnul.
Yredelemnul was noncommittal.
You were hungry.

You visited 2 branches of the dungeon, and saw 9 of its levels.
You also visited: Bailey.

You collected 707 gold pieces.
You spent 165 gold pieces at shops.

Inventory:

Hand weapons
 a - a +1 war axe (weapon)
Missiles
 d - 3 throwing nets (quivered)
Armour
 c - a +0 helmet (worn)
 e - a +0 ring mail
 i - a +1 pair of gloves (worn)
 j - a +2 pair of boots of flying (worn)
 s - a +0 plate armour (worn)
Jewellery
 h - a +2 ring of intelligence (left hand)
 p - a +4 ring of protection {unknown}
Magical devices
 g - a wand of fireball (0)
 l - a wand of teleportation (2)
Scrolls
 k - 5 scrolls of remove curse
 m - 2 scrolls of enchant weapon
 n - 2 scrolls of teleportation
 o - a scroll of amnesia
 r - 6 scrolls of recharging
 u - a scroll of identify
Miscellaneous
 q - a plain deck of wonders {drawn: 4}
Comestibles
 f - a meat ration
 t - 4 bread rations


   Skills:
 + Level 7.4 Fighting
 * Level 11.6 Axes
 - Level 2.0 Throwing
 + Level 5.9 Armour
 - Level 5.2 Dodging


You had 8 spell levels left.
You didn't know any spells.

Dungeon Overview and Level Annotations

Branches:
Dungeon (8/15)             Temple (1/1) D:7
   Lair: D:8-11

Altars:
Ashenzari
Cheibriados
Dithmenos
Elyvilon
Fedhas
Gozag
Kikubaaqudgha
Makhleb
Nemelex Xobeh
Okawaru
Qazlal
Ru
Trog
Vehumet
Xom
Yredelemnul
Zin
The Shining One

Shops:
D:4 (*   D:6 [


Message History

a scale mail; an orc corpse You feel very sick.
Goetatio hits you but does no damage.
You are more poisoned.
You feel very sick.
Goetatio hits you from afar with a trident of venom!
* * * LOW HITPOINT WARNING * * *
You are more poisoned.
* * * LOW HITPOINT WARNING * * *
You feel very sick.
Found 12 gold pieces.
* * * LOW HITPOINT WARNING * * *
You feel very sick.
You don't know any spells.
* * * LOW HITPOINT WARNING * * *
You feel very sick.
You see here 18 gold pieces.
You don't know any spells.
You die...
Your body rises from the dead as a mindless zombie.

#.###..###### ##.....##
#.......## ###)......#
#.#####..####.[).._...#
#####.......#.......#
...........m###.....##
.####.####..###...##
.... #....##### .....
#$.#...$.. #.....
#@.###### ..._......#
......#.[# ......#..#
..... #..# #.## #..# .
...# ...# ###


You could see Goetatio the merfolk.

Vanquished Creatures
  Pikel (D:4)
  Eustachio (D:5)
  Edmund (D:4)
  A slave (D:4)
  5 orc warriors (Bailey)
  The ghost of Harvey99999 the Skirmisher, an average NaFi (D:4)
  A phantom (D:7)
  An ice beast (D:6)
  A necrophage (D:6)
  A centaur (D:4)
  An ogre (D:6)
  A gnoll sergeant (D:5)
  2 giant frogs
  A scorpion (D:5)
  2 wights (D:5)
  2 crimson imps
  2 orc priests (D:4)
  2 hounds (D:4)
  3 iguanas
  An iron imp (D:5)
  3 orc wizards
  2 worker ants
  7 gnolls
  11 adders
  A giant mite (D:5)
  4 worms
  An adder skeleton (D:8)
  15 orcs
  5 ball pythons
  A bat skeleton (D:4)
  22 goblins
  15 hobgoblins
  7 jackals
  8 quokkas
  14 bats
  11 giant cockroaches
  A giant cockroach zombie (D:5)
  3 giant geckos
  A giant gecko skeleton (D:5)
  4 giant newts
  A jackal skeleton (D:4)
  25 kobolds
  A quokka skeleton (D:6)
  20 rats
214 creatures vanquished.

Vanquished Creatures (collateral kills)
  A giant frog (D:7)
  An orc wizard (D:8)
  A worker ant zombie (D:7)
  2 adders
  2 orcs
  A bat (D:7)
8 creatures vanquished.

Grand Total: 222 creatures vanquished

Notes
Turn   | Place    | Note
--------------------------------------------------------------
     0 | D:1      | ghwc, the Hill Orc Gladiator, began the quest for the Orb.
     0 | D:1      | Reached XP level 1. HP: 18/18 MP: 1/1
   100 | D:1      | Reached XP level 2. HP: 23/25 MP: 2/2
   691 | D:2      | Found a sparkling altar of Nemelex Xobeh.
   719 | D:2      | Reached XP level 3. HP: 13/31 MP: 3/3
   899 | D:2      | Found a snail-covered altar of Cheibriados.
   957 | D:2      | Reached skill level 5 in Axes
  1296 | D:2      | Reached XP level 4. HP: 38/38 MP: 4/4
  1916 | D:2      | Reached XP level 5. HP: 21/45 MP: 5/5
  2154 | D:2      | Found a glowing golden altar of the Shining One.
  2365 | D:3      | Reached skill level 6 in Axes
  3100 | D:4      | Reached skill level 1 in Armour
  3101 | D:4      | Reached XP level 6. HP: 44/52 MP: 6/6
  3211 | D:4      | Noticed Harvey99999's ghost (average NaFi)
  3232 | D:4      | Killed Harvey99999's ghost
  3232 | D:4      | Reached skill level 7 in Axes
  3250 | D:4      | Found Tran's Antique Weapon Emporium.
  3283 | D:4      | Reached XP level 7. HP: 48/60 MP: 7/7
  3330 | D:4      | Found Zin's Purification Station.
  3333 | D:4      | Found a glowing silver altar of Zin.
  3508 | D:4      | Noticed Edmund
  3528 | D:4      | Killed Edmund
  3528 | D:4      | Reached skill level 5 in Fighting
  3533 | D:4      | Noticed a slave
  3533 | D:4      | Noticed a slave
  3534 | D:4      | Noticed a slave
  3535 | D:4      | Noticed Pikel
  3536 | D:4      | Noticed a slave
  3548 | D:4      | Killed a slave
  3569 | D:4      | Killed Pikel
  3569 | D:4      | Reached skill level 9 in Axes
  3569 | D:4      | Reached XP level 8. HP: 47/70 MP: 8/8
  3851 | D:5      | Entered Level 5 of the Dungeon
  3865 | D:5      | Noticed Eustachio
  3921 | D:5      | Killed Eustachio
  4461 | D:5      | Reached skill level 10 in Axes
  4695 | D:6      | Reached skill level 5 in Dodging
  4695 | D:6      | Reached XP level 9. HP: 63/78 MP: 9/9
  4821 | D:6      | Got a warped buckler
  4827 | D:6      | Identified the cursed -8 buckler of the Untouchables {rPois} (You found it on level 6 of the Dungeon)
  5310 | D:6      | Found Qolarph's Armour Shoppe.
  5319 | D:6      | Bought a +1 pair of boots of flying for 165 gold pieces
  5566 | D:7      | Found a staircase to the Ecumenical Temple.
  5605 | D:7      | Reached skill level 5 in Armour
  5780 | D:7      | Found a flagged portal.
  5791 | Bailey   | Entered a bailey
  5898 | Bailey   | Reached skill level 11 in Axes
  6422 | Bailey   | Hired Goetatio the merfolk for 315 gold.
  6933 | Temple   | Entered the Ecumenical Temple
  6977 | Temple   | Became a worshipper of Yredelemnul the Dark
  7049 | D:8      | Found a shattered altar of Ashenzari.
  7080 | D:8      | Found a sacrificial altar of Ru.
  7084 | D:8      | Found an opulent altar of Gozag.
  7110 | D:8      | HP: 2/79 [poisoned by Goetatio]
  7111 | D:8      | Succumbed to Goetatio's poison

Action                   |  1- 3 |  4- 6 |  7- 9 || total
-------------------------+-------+-------+-------++-------
Melee: War axe           |   107 |   227 |   480 ||   814
Evoke: Deck              |       |       |     4 ||     4
       Wand              |       |       |     2 ||     2
  Use: Scroll            |     4 |     2 |     7 ||    13
       Potion            |       |     1 |    13 ||    14
 Stab: Invisible         |       |       |     2 ||     2
  Eat: Chunk             |     1 |     5 |       ||     6
       Pizza             |       |     2 |     1 ||     3
       Beef jerky        |       |     2 |       ||     2
       Royal jelly       |       |       |     1 ||     1
       Meat ration       |       |       |     1 ||     1
